TOP OF THE 1ST |
Toronto Blue Jays batting - Pitching for New York Yankees : LHP Arturo Eli
|
Pitching: LHP Arturo Eli
|
|
Batting: RHB Donny Burnside
|
0-0: Ball 1-0: SINGLE (Groundball, 6D, EV 95.0 MPH)
|
Batting: RHB Danny Burnside
|
0-0: Ball 1-0: DOUBLE (Groundball, 5L, EV 110.6 MPH) Donny Burnside to third Donny Burnside scores
|
Batting: RHB Brock Van Gilder
|
0-0: Foul Ball, location: 2F 0-1: Fly out, F8 (Flyball, 8RS, EV 83.8 MPH)
|
Batting: LHB Willis Robles
|
0-0: Swinging Strike 0-1: Ball 1-1: Ball 2-1: Fly out, F7 (Flyball, 7, EV 91.2 MPH)
|
Batting: RHB C.J. Richerson
|
0-0: Ball 1-0: Ball 2-0: Ball 3-0: Called Strike 3-1: SINGLE (Flyball, 9LS, EV 88.1 MPH) Danny Burnside to third Runner from 3rd tries for Home, throw by RF and OUT! 9-2
|
Top of the 1st over - 1 run, 3 hits, 0 errors, 1 left on base; Toronto 1 - New York 0 |
BOTTOM OF THE 1ST |
New York Yankees batting - Pitching for Toronto Blue Jays : RHP Hoof Harted
|
Pitching: RHP Hoof Harted
|
|
Batting: LHB Jordan de Jesus
|
0-0: Ball 1-0: Ball 2-0: Foul Ball, location: 2F 2-1: Swinging Strike 2-2: Foul Ball, location: 2F 2-2: Ball 3-2: Foul Ball, location: 2F 3-2: Foul Ball, location: 2F 3-2: Foul Ball, location: 2F 3-2: Foul Ball, location: 2F 3-2: Strikes out swinging
|
Batting: RHB Henri Cederberg
|
0-0: Ball 1-0: Ball 2-0: Called Strike 2-1: Called Strike 2-2: Ball 3-2: Strikes out looking
|
Batting: LHB Jim Skare
|
0-0: Called Strike 0-1: Ball 1-1: Fly out, F5 (Popup, 5SF, EV 79.4 MPH)
|
Bottom of the 1st over - 0 runs, 0 hits, 0 errors, 0 left on base; Toronto 1 - New York 0 |
TOP OF THE 2ND |
Toronto Blue Jays batting - Pitching for New York Yankees : LHP Arturo Eli
|
Batting: LHB Nate Dean
|
0-0: Called Strike 0-1: Foul Ball, location: 2F 0-2: Foul Ball, location: 2F 0-2: Ball 1-2: Ball 2-2: Foul Ball, location: 2F 2-2: Foul Ball, location: 2F 2-2: Ground out U3 (Groundball, 34S, EV 88.1 MPH)
|
Batting: RHB Kirk Arp
|
0-0: Ball 1-0: Called Strike 1-1: SOLO HOME RUN (Flyball, 78XD, EV 113.8 MPH), Distance : 428 ft
|
Batting: LHB Michael Byrd
|
0-0: Ball 1-0: Fly out, F6 (Flyball, 56D, EV 93.1 MPH)
|
Batting: LHB Jon Schick
|
0-0: Called Strike 0-1: Foul Ball, location: 2F 0-2: Foul Ball, location: 2F 0-2: Strikes out swinging
|
Top of the 2nd over - 1 run, 1 hit, 0 errors, 0 left on base; Toronto 2 - New York 0 |
BOTTOM OF THE 2ND |
New York Yankees batting - Pitching for Toronto Blue Jays : RHP Hoof Harted
|
Batting: RHB Adriaan Pieters
|
0-0: Swinging Strike 0-1: Ball 1-1: Swinging Strike 1-2: Strikes out swinging
|
Batting: RHB Shiro Suehiro
|
0-0: Swinging Strike 0-1: Foul Ball, location: 2F 0-2: Ball 1-2: Strikes out swinging
|
Batting: RHB Russ Shambaugh
|
0-0: Called Strike 0-1: Ball 1-1: Swinging Strike 1-2: Foul Ball, location: 2F 1-2: Ball 2-2: Ball 3-2: Base on Balls
|
Batting: RHB Larry Martell
|
0-0: Foul Ball, location: 2F 0-1: Fly out, F8 (Flyball, 8RD, EV 90.6 MPH)
|
Bottom of the 2nd over - 0 runs, 0 hits, 0 errors, 1 left on base; Toronto 2 - New York 0 |
TOP OF THE 3RD |
Toronto Blue Jays batting - Pitching for New York Yankees : LHP Arturo Eli
|
Batting: RHB Donny Burnside
|
0-0: Ball 1-0: Ball 2-0: Ball 3-0: Called Strike 3-1: Base on Balls
|
Batting: RHB Danny Burnside
|
0-0: Ball 1-0: Grounds into double play, 4-6-3 (Groundball, 4, EV 89.4 MPH)
|
Batting: RHB Brock Van Gilder
|
0-0: Ball 1-0: Ball 2-0: SINGLE (Line Drive, 89S, EV 93.1 MPH)
|
Batting: LHB Willis Robles
|
0-0: Ball 1-0: Foul Ball, location: 2F 1-1: Ground out 4-3 (Groundball, 4, EV 99.4 MPH)
|
Top of the 3rd over - 0 runs, 1 hit, 0 errors, 1 left on base; Toronto 2 - New York 0 |
BOTTOM OF THE 3RD |
New York Yankees batting - Pitching for Toronto Blue Jays : RHP Hoof Harted
|
Batting: RHB James Boynton
|
0-0: Called Strike 0-1: Ball 1-1: Foul Ball, location: 2F 1-2: Foul Ball, location: 2F 1-2: Strikes out looking
|
Batting: RHB Mike Gifford
|
0-0: Called Strike 0-1: Foul Ball, location: 2F 0-2: Ball 1-2: Ground out 5-3 (Groundball, 56, EV 80.6 MPH)
|
Batting: LHB Jordan de Jesus
|
0-0: Called Strike 0-1: Foul Ball, location: 2F 0-2: Ball 1-2: SOLO HOME RUN (Line Drive, 78XD, EV 116.9 MPH), Distance : 447 ft
|
Batting: RHB Henri Cederberg
|
0-0: Called Strike 0-1: Ball 1-1: Ball 2-1: Foul Ball, location: 2F 2-2: Fly out, F8 (Flyball, 8RS, EV 92.5 MPH)
|
Bottom of the 3rd over - 1 run, 1 hit, 0 errors, 0 left on base; Toronto 2 - New York 1 |
TOP OF THE 4TH |
Toronto Blue Jays batting - Pitching for New York Yankees : LHP Arturo Eli
|
Batting: RHB C.J. Richerson
|
0-0: Ground out 5-3 (Groundball, 5, EV 100.0 MPH)
|
Batting: LHB Nate Dean
|
0-0: Ball 1-0: Foul Ball, location: 2F 1-1: Ball 2-1: Ball 3-1: Foul Ball, location: 2F 3-2: Base on Balls
|
Batting: RHB Kirk Arp
|
0-0: Called Strike 0-1: Ball 1-1: SINGLE (Flyball, 7S, EV 88.1 MPH) Nate Dean to second
|
Batting: LHB Michael Byrd
|
0-0: Ball 1-0: Ball 2-0: Called Strike 2-1: Ball 3-1: DOUBLE (Line Drive, 89D, EV 103.8 MPH) Nate Dean scores Kirk Arp to third Runner from 3rd tries for Home, SAFE, throw by RF to home
|
Batting: LHB Jon Schick
|
0-0: Called Strike 0-1: Swinging Strike 0-2: Ball 1-2: Strikes out looking
|
Batting: RHB Donny Burnside
|
0-0: Ground out 4-3 (Groundball, 4, EV 91.2 MPH)
|
Top of the 4th over - 2 runs, 2 hits, 0 errors, 1 left on base; Toronto 4 - New York 1 |
BOTTOM OF THE 4TH |
New York Yankees batting - Pitching for Toronto Blue Jays : RHP Hoof Harted
|
Batting: LHB Jim Skare
|
0-0: Ball 1-0: Foul Ball, location: 2F 1-1: Foul Ball, location: 2F 1-2: Foul Ball, location: 2F 1-2: Ball 2-2: Ground out U3 (Groundball, 23, EV 86.2 MPH)
|
Batting: RHB Adriaan Pieters
|
0-0: Ball 1-0: Ball 2-0: Ball 3-0: Base on Balls
|
Batting: RHB Shiro Suehiro
|
0-0: Called Strike 0-1: Ball 1-1: Fly out, F8 (Line Drive, 78M, EV 103.1 MPH)
|
Batting: RHB Russ Shambaugh
|
0-0: Called Strike 0-1: Called Strike 0-2: Ball 1-2: Ball 2-2: Strikes out swinging
|
Bottom of the 4th over - 0 runs, 0 hits, 0 errors, 1 left on base; Toronto 4 - New York 1 |
TOP OF THE 5TH |
Toronto Blue Jays batting - Pitching for New York Yankees : LHP Arturo Eli
|
Batting: RHB Danny Burnside
|
0-0: Foul Ball, location: 2F 0-1: Ball 1-1: Ground out 6-3 (Groundball, 6D, EV 103.8 MPH)
|
Batting: RHB Brock Van Gilder
|
0-0: Called Strike 0-1: Ball 1-1: Called Strike 1-2: Ground out 5-3 (Groundball, 56, EV 93.1 MPH)
|
Batting: LHB Willis Robles
|
0-0: Called Strike 0-1: Ball 1-1: Foul Ball, location: 2F 1-2: Ball 2-2: Foul Ball, location: 2F 2-2: Strikes out swinging
|
Top of the 5th over - 0 runs, 0 hits, 0 errors, 0 left on base; Toronto 4 - New York 1 |
BOTTOM OF THE 5TH |
New York Yankees batting - Pitching for Toronto Blue Jays : RHP Hoof Harted
|
Batting: RHB Larry Martell
|
0-0: Called Strike 0-1: Foul Ball, location: 2F 0-2: Foul Ball, location: 2F 0-2: Strikes out swinging
|
Batting: RHB James Boynton
|
0-0: Ball 1-0: Ball 2-0: Ball 3-0: Base on Balls
|
Batting: RHB Mike Gifford
|
0-0: Swinging Strike 0-1: Ball 1-1: Ball 2-1: Foul Ball, location: 2F 2-2: Foul Ball, location: 2F 2-2: Fielders Choice at 2nd, 3-6 (Groundball, 3, EV 83.1 MPH)
|
Batting: LHB Jordan de Jesus
|
0-0: Ball 1-0: Ground out 1-3 (Groundball, P, EV 73.8 MPH)
|
Bottom of the 5th over - 0 runs, 0 hits, 0 errors, 1 left on base; Toronto 4 - New York 1 |
TOP OF THE 6TH |
Toronto Blue Jays batting - Pitching for New York Yankees : LHP Arturo Eli
|
Batting: RHB C.J. Richerson
|
0-0: Called Strike 0-1: Ball 1-1: Swinging Strike 1-2: Ball 2-2: SINGLE (Line Drive, 56, EV 98.8 MPH)
|
Batting: LHB Nate Dean
|
0-0: Ball 1-0: Called Strike 1-1: Ball 2-1: SINGLE (Groundball, 4M, EV 105.6 MPH) (infield hit) C.J. Richerson to second
|
Batting: RHB Kirk Arp
|
0-0: Called Strike 0-1: Swinging Strike 0-2: SINGLE (Groundball, 5S, EV 64.4 MPH) (infield hit) C.J. Richerson to third Nate Dean to second
|
Batting: LHB Michael Byrd
|
0-0: Ball 1-0: SINGLE (Groundball, 56D, EV 96.9 MPH) C.J. Richerson scores Nate Dean to third Kirk Arp to second Runner from 3rd tries for Home, SAFE, throw by LF to home Kirk Arp to third Michael Byrd to second
|
Pitching: RHP Bret Davies
|
|
Batting: LHB Jon Schick
|
0-0: Ball 1-0: Ball 2-0: Called Strike 2-1: Ball 3-1: Swinging Strike 3-2: Strikes out swinging
|
Batting: RHB Donny Burnside
|
0-0: SINGLE (Groundball, 56, EV 80.0 MPH) (infield hit) Kirk Arp scores Michael Byrd to third
|
Batting: RHB Danny Burnside
|
0-0: Fielders Choice at 2nd, 5-4 (Groundball, 56, EV 81.2 MPH) Michael Byrd scores
|
Batting: RHB Brock Van Gilder
|
0-0: Ball 1-0: Called Strike 1-1: DOUBLE (Line Drive, 78D, EV 107.5 MPH) Danny Burnside to third Runner from 3rd tries for Home, SAFE, no throw by LF
|
Batting: LHB Willis Robles
|
0-0: Ball 1-0: SINGLE (Flyball, 78S, EV 93.1 MPH) Brock Van Gilder to third Throwing error, E8 Brock Van Gilder scores Willis Robles to second
|
Batting: RHB C.J. Richerson
|
0-0: Swinging Strike 0-1: Ball 1-1: Ball 2-1: Ball 3-1: Foul Ball, location: 2F 3-2: Strikes out swinging
|
Top of the 6th over - 6 runs, 7 hits, 1 error, 1 left on base; Toronto 10 - New York 1 |
BOTTOM OF THE 6TH |
New York Yankees batting - Pitching for Toronto Blue Jays : RHP Hoof Harted
|
Batting: RHB Henri Cederberg
|
0-0: Ball 1-0: Fly out, F7 (Flyball, 7, EV 93.1 MPH)
|
Batting: LHB Jim Skare
|
0-0: Ball 1-0: Called Strike 1-1: Ball 2-1: Ball 3-1: Base on Balls
|
Batting: RHB Adriaan Pieters
|
0-0: Ball 1-0: Foul Ball, location: 2F 1-1: Called Strike 1-2: Ball 2-2: Strikes out swinging
|
Batting: RHB Shiro Suehiro
|
0-0: Ball 1-0: Called Strike 1-1: Ball 2-1: Foul Ball, location: 2F 2-2: SINGLE (Flyball, 6D, EV 89.4 MPH) Jim Skare to second
|
Batting: RHB Russ Shambaugh
|
0-0: Called Strike 0-1: Ground out 4-3 (Groundball, 4S, EV 89.4 MPH)
|
Bottom of the 6th over - 0 runs, 1 hit, 0 errors, 2 left on base; Toronto 10 - New York 1 |
TOP OF THE 7TH |
Toronto Blue Jays batting - Pitching for New York Yankees : RHP Bret Davies
|
Batting: LHB Nate Dean
|
0-0: Foul Ball, location: 2F 0-1: Ball 1-1: Ball 2-1: Foul Ball, location: 2F 2-2: Ball 3-2: Base on Balls
|
Batting: RHB Kirk Arp
|
0-0: Ball 1-0: Foul Ball, location: 2F 1-1: Swinging Strike 1-2: Ball 2-2: Ball 3-2: Fly out, F9 (Flyball, 9LD, EV 75.0 MPH)
|
Batting: LHB Michael Byrd
|
0-0: Ball 1-0: SINGLE (Flyball, 5D, EV 90.6 MPH) Nate Dean to second
|
Pinch Hitting: RHB Justin Powell
|
0-0: Ball 1-0: Called Strike 1-1: Called Strike 1-2: Ball 2-2: Strikes out looking
|
Batting: RHB Donny Burnside
|
0-0: Called Strike 0-1: Ball 1-1: Foul Ball, location: 2F 1-2: Strikes out swinging
|
Top of the 7th over - 0 runs, 1 hit, 0 errors, 2 left on base; Toronto 10 - New York 1 |
BOTTOM OF THE 7TH |
New York Yankees batting - Pitching for Toronto Blue Jays : RHP Hoof Harted
|
Now at SS: Dylan Novakowski
|
|
Now in CF: Dominik Hasek II
|
|
Now in RF: Justin Powell
|
|
Batting: RHB Larry Martell
|
0-0: Ball 1-0: Called Strike 1-1: Swinging Strike 1-2: Strikes out swinging
|
Batting: RHB James Boynton
|
0-0: Ball 1-0: Fly out, F9 (Flyball, 89S, EV 85.6 MPH)
|
Batting: RHB Mike Gifford
|
0-0: Called Strike 0-1: Ball 1-1: Ball 2-1: Ball 3-1: TRIPLE (Line Drive, 8RXD, EV 101.9 MPH)
|
Pitching: LHP Ragnar Danielsson
|
|
Batting: LHB Jordan de Jesus
|
0-0: Ball 1-0: Foul Ball, location: 2F 1-1: Ball 2-1: Ball 3-1: Foul Ball, location: 2F 3-2: Ground out 6-3 (Groundball, 6, EV 106.9 MPH)
|
Bottom of the 7th over - 0 runs, 1 hit, 0 errors, 1 left on base; Toronto 10 - New York 1 |
TOP OF THE 8TH |
Toronto Blue Jays batting - Pitching for New York Yankees : RHP Bret Davies
|
Batting: RHB Danny Burnside
|
0-0: SINGLE (Groundball, 34D, EV 99.4 MPH)
|
Batting: RHB Brock Van Gilder
|
0-0: Called Strike 0-1: Ball 1-1: Grounds into double play, 6-4-3 (Groundball, 6, EV 92.5 MPH)
|
Batting: LHB Willis Robles
|
0-0: Ball 1-0: Foul Ball, location: 2F 1-1: Ground out 4-3 (Groundball, 4, EV 85.6 MPH)
|
Top of the 8th over - 0 runs, 1 hit, 0 errors, 0 left on base; Toronto 10 - New York 1 |
BOTTOM OF THE 8TH |
New York Yankees batting - Pitching for Toronto Blue Jays : LHP Ragnar Danielsson
|
Batting: RHB Henri Cederberg
|
0-0: Ball 1-0: Called Strike 1-1: Ball 2-1: Foul Ball, location: 2F 2-2: Ball 3-2: SINGLE (Line Drive, 89S, EV 111.2 MPH)
|
Batting: LHB Jim Skare
|
0-0: Foul Ball, location: 2F 0-1: 2-RUN HOME RUN (Flyball, 7D, EV 99.4 MPH), Distance : 416 ft
|
Batting: RHB Adriaan Pieters
|
0-0: Ground out 6-3 (Groundball, 6, EV 83.1 MPH)
|
Batting: RHB Shiro Suehiro
|
0-0: Called Strike 0-1: Ball 1-1: Called Strike 1-2: Strikes out looking
|
Batting: RHB Russ Shambaugh
|
0-0: Foul Ball, location: 2F 0-1: Called Strike 0-2: Ball 1-2: Foul Ball, location: 2F 1-2: Foul Ball, location: 2F 1-2: Fly out, F8 (Line Drive, 8RM, EV 92.5 MPH)
|
Bottom of the 8th over - 2 runs, 2 hits, 0 errors, 0 left on base; Toronto 10 - New York 3 |
TOP OF THE 9TH |
Toronto Blue Jays batting - Pitching for New York Yankees : RHP Bret Davies
|
Batting: RHB C.J. Richerson
|
0-0: Foul Ball, location: 2F 0-1: SINGLE (Groundball, 6MD, EV 105.0 MPH)
|
Pitching: RHP Chris McCoy
|
|
Batting: SHB Dominik Hasek II
|
0-0: Ball 1-0: Ball 2-0: Ball 3-0: Foul Ball, location: 2F 3-1: Base on Balls C.J. Richerson to second
|
Batting: RHB Kirk Arp
|
0-0: Called Strike 0-1: Foul Ball, location: 2F 0-2: Strikes out looking
|
Batting: LHB Michael Byrd
|
0-0: Swinging Strike 0-1: DOUBLE (Line Drive, 8RXD, EV 109.4 MPH) C.J. Richerson scores Dominik Hasek II to third
|
Batting: RHB Justin Powell
|
0-0: Ground out 5-3 (Groundball, 56, EV 80.6 MPH) Dominik Hasek II scores
|
Batting: SHB Dylan Novakowski
|
0-0: Ball 1-0: Ball 2-0: Ball 3-0: Called Strike 3-1: Fly out, F8 (Line Drive, 78M, EV 87.5 MPH)
|
Top of the 9th over - 2 runs, 2 hits, 0 errors, 1 left on base; Toronto 12 - New York 3 |
BOTTOM OF THE 9TH |
New York Yankees batting - Pitching for Toronto Blue Jays : LHP Ragnar Danielsson
|
Batting: RHB Larry Martell
|
0-0: Called Strike 0-1: Ball 1-1: Called Strike 1-2: Strikes out swinging
|
Batting: RHB James Boynton
|
0-0: Ball 1-0: Called Strike 1-1: Fly out, F8 (Line Drive, 8LD, EV 88.8 MPH)
|
Batting: RHB Mike Gifford
|
0-0: Ball 1-0: Ball 2-0: Called Strike 2-1: Called Strike 2-2: Foul Ball, location: 2F 2-2: Foul Ball, location: 2F 2-2: Ball 3-2: Foul Ball, location: 2F 3-2: Base on Balls
|
Batting: LHB Jordan de Jesus
|
0-0: Foul Ball, location: 2F 0-1: Ball 1-1: Fielders Choice at 2nd, U4 (Groundball, 4M, EV 91.2 MPH)
|
Bottom of the 9th over - 0 runs, 0 hits, 0 errors, 1 left on base; Toronto 12 - New York 3 |
|